AoeStats
← jucca187

Arena

505928251Analyzed
4v4 RM · 22d ago on Sep 11, 2026· 44m 55s· 8 players
Game mode
Random Map
Map size
Large (8 player)
Population
200
Speed
Normal
Resources
Standard
Victory
Conquest
Starting age
Dark Age
Ending age
Imperial Age
RankedLock teamsTeams togetherTeam positionsShared explorationLock speedFull tech treeHidden civsTurbo modeCheats
Victory
Defeat
🇲🇽 Vietnamese · Mexico
993
+12
🇨🇴 Japanese · Colombia
920
+15
🇬🇧 Portuguese · United Kingdom
858
+17
🇧🇷 Japanese · Brazil
849
+17
🇹🇼 Franks · Taiwan
909
-16
🇨🇭 Goths · Switzerland
886
-15
🇫🇮 Vietnamese · Finland
878
-15
🇫🇷 Bohemians · France
877
-15
JurassicMark
11:00 Feudal Age
11:27 Double-Bit Axe
11:27 Horse Collar
19:32 Castle Age
24:21 Bow Saw
24:14 Heavy Plow
26:06 Caravan
31:38 Wheelbarrow
32:06 Forging
31:57 Scale Mail Armor
33:16 Pikeman
33:57 Squires
34:36 Iron Casting
34:17 Chain Mail Armor
39:16 Imperial Age
37:04 Hand Cart
37:08 Anarchy
40:48 Conscription
40:29 Perfusion
39:49 Elite Huskarl
39:56 Halberdier
Semper
11:13 Feudal Age
11:53 Horse Collar
13:03 Double-Bit Axe
18:02 Castle Age
19:23 Scale Mail Armor
19:31 Scale Barding Armor
19:30 Husbandry
20:08 Wheelbarrow
21:54 Town Watch
23:00 Forging
23:17 Pikeman
36:42 Bow Saw
40:03 Imperial Age
37:54 Hand Cart
40:46 Caravan
42:26 Guilds
42:47 Coinage
44:02 Chemistry
43:23 Ballistics
jucca187
12:37 Feudal Age
14:11 Double-Bit Axe
19:32 Castle Age
21:26 Bow Saw
22:28 Wheelbarrow
21:51 Gold Mining
21:53 Stone Mining
22:49 Squires
22:40 Pikeman
28:35 Horse Collar
29:16 Forging
29:06 Scale Mail Armor
29:01 Fletching
29:20 Padded Archer Armor
34:21 Imperial Age
32:08 Hand Cart
31:59 Bodkin Arrow
32:42 Iron Casting
32:23 Chain Mail Armor
33:46 Ballistics
33:33 Thumb Ring
34:40 Halberdier
36:36 Chemistry
35:45 Bracer
37:35 Leather Archer Armor
37:51 Plate Mail Armor
41:12 Light Cavalry
42:21 Bloodlines
42:21 Scale Barding Armor
mcdrumer131
11:04 Feudal Age
12:44 Loom
15:41 Castle Age
14:54 Wheelbarrow
15:35 Double-Bit Axe
17:29 Husbandry
18:15 Stone Mining
21:33 Gold Mining
21:36 Crossbowman
22:36 Fletching
33:14 Imperial Age
31:40 Fortified Wall
33:42 Bow Saw
34:29 Conscription
35:10 Forging
36:41 Man-at-Arms
37:20 Long Swordsman
39:08 Iron Casting
37:59 Two-Handed Swordsman
39:00 Gambesons
39:20 Squires
41:29 Gold Shaft Mining
42:30 Conscription
quiquito45
10:43 Feudal Age
8:58 Loom
16:24 Castle Age
15:28 Double-Bit Axe
15:56 Horse Collar
17:31 Wheelbarrow
19:58 Gold Mining
20:29 Bow Saw
20:20 Heavy Plow
24:30 Imperial Age
22:47 Elite Skirmisher
23:36 Stone Mining
26:58 Chemistry
26:19 Fletching
26:29 Padded Archer Armor
26:02 Imperial Skirmisher
28:19 Bodkin Arrow
28:40 Leather Archer Armor
31:39 Bracer
33:40 Ballistics
33:54 Fortified Wall
36:18 Two-Man Saw
38:29 Elite Battle Elephant
40:19 Hand Cart
43:03 Ring Archer Armor
42:35 Scale Mail Armor
42:45 Forging
44:55 Thumb Ring
DonDD
3:46 Loom
11:20 Feudal Age
15:59 Castle Age
14:11 Double-Bit Axe
14:52 Horse Collar
15:06 Gold Mining
25:18 Wheelbarrow
26:35 Hand Cart
32:05 Imperial Age
30:43 Forging
31:24 Scale Mail Armor
31:47 Pikeman
32:43 Chain Mail Armor
33:38 Iron Casting
34:26 Plate Mail Armor
33:51 Halberdier
35:33 Blast Furnace
35:08 Capped Ram
36:16 Fletching
37:10 Man-at-Arms
37:38 Gambesons
37:57 Elite Samurai
39:01 Bow Saw
40:02 Bodkin Arrow
40:59 Padded Archer Armor
43:37 Long Swordsman
45:15 Kataparuto
46:00 Hoardings
dpiddock77
0:30 Loom
12:28 Feudal Age
16:51 Castle Age
18:18 Coinage
23:51 Double-Bit Axe
24:47 Horse Collar
26:36 Pikeman
27:37 Heavy Plow
31:54 Arson
34:31 Wheelbarrow
37:48 Imperial Age
36:32 Fortified Wall
39:16 Hand Cart
39:15 Bow Saw
39:16 Scale Mail Armor
39:26 Forging
39:06 Fletching
39:17 Padded Archer Armor
39:22 Scale Barding Armor
39:46 Caravan
40:55 Cavalier
41:35 Husbandry
43:22 Two-Man Saw
42:26 Murder Holes
43:35 Chemistry
43:57 Elite Organ Gun
| LEON | SAPULHA
0:29 Loom
12:21 Feudal Age
17:11 Castle Age
16:54 Gold Mining
16:53 Double-Bit Axe
17:47 Horse Collar
25:25 Stone Mining
28:02 Wheelbarrow
28:06 Scale Mail Armor
27:39 Pikeman
28:20 Squires
28:44 Heavy Plow
28:57 Bow Saw
34:08 Imperial Age
33:04 Murder Holes
33:20 Fortified Wall
33:29 Chain Mail Armor
33:25 Forging
34:10 Halberdier
35:19 Kataparuto
34:41 Heavy Scorpion
37:33 Chemistry
36:24 Elite Samurai
38:43 Plate Mail Armor
38:49 Iron Casting
42:30 Blast Furnace
Connection lost

Rejoining the realm…

Still unreachable

The connection could not be restored.

Session expired

The server has moved on; the page needs a fresh start.